[Event "Late-Titled-Tuesday-Blitz-January-23-2024"]
[Site "Chess.com"]
[Date "2024.01.23"]
[Round "8"]
[White "Rikikits"]
[Black "Doomfist26"]
[Result "1-0"]
[WhiteElo "2835"]
[BlackElo "2624"]
[TimeControl "180+1"]
[EndTime "15:24:08 PST"]
[Termination "Rikikits won by resignation"]

1. d4 Nf6 2. c4 g6 3. Nf3 Bg7 4.
e3 O-O 5. Be2 d6 6. O-O b6 7.
Nc3 Bb7 8. b3 Nbd7 9. Bb2 e6 10.
a4 a5 11. Qc2 Qe7 12. e4 Rfd8 13. Rfe1 e5 14. Nd5 Nxd5 15. cxd5 Rac8 16. Bb5 exd4 17. Nxd4 Nc5 18. Re3 Rf8 19. Rae1 Be5 20. g3 Bg7 21. f4 h5 22. Nc6 Bxc6 23. Bxc6 Bxb2 24. Qxb2 h4 25.
Kg2 f6 26. gxh4 Qh7 27. Rg3 Kf7 28. e5 Qxh4 29. exd6 cxd6 30. Qe2 Kg7 31. Qe7+ Rf7 32. Qxd6 Rh8 33. h3 Nd3 34. Re4 f5 35. Qxg6+ 1-0

[Event "Late-Titled-Tuesday-Blitz-January-23-2024"]
[Site "Chess.com"]
[Date "2024.01.23"]
[Round "8"]
[White "Siemba"]
[Black "GMRAVEN_ON_YOUTUBE"]
[Result "0-1"]
[WhiteElo "2567"]
[BlackElo "2829"]
[TimeControl "180+1"]
[EndTime "15:24:09 PST"]
[Termination "GMRAVEN_ON_YOUTUBE won by resignation"]

1. e4 c5 2. Nf3 e6 3. d4 cxd4 4. Nxd4 Nc6 5. Nc3 Qc7 6. Be3 a6 7. Qd2 Nf6 8. f4 Bb4 9. Bd3 b5 10. a3 Be7 11. e5 Ng4 12. Bg1 Bb7 13. h3 Nxd4 14. hxg4 Bc5 15. Ne4 Bb6 16. Qc3 Ba5 17. b4 Qxc3+ 18. Nxc3 Bb6 19. O-O-O Bxg2 20. Rh2 Bf3 21.
Rdd2 Nb3+ 22. cxb3 Bxg1 23. Be4 Rc8 24. Bxf3 Rxc3+ 25.
Rc2 Rxf3 26. Rc8+ Ke7 27. Rxh8 Bxh2 28. Rxh7 Bxf4+ 29. Kc2 Bxe5 30. a4 Rc3+ 31. Kb2 Rh3+ 0-1

[Event "Late-Titled-Tuesday-Blitz-January-23-2024"]
[Site "Chess.com"]
[Date "2024.01.23"]
[Round "8"]
[White "j_coca"]
[Black "NovakRatko"]
[Result "1-0"]
[WhiteElo "2521"]
[BlackElo "2357"]
[TimeControl "180+1"]
[EndTime "15:24:09 PST"]
[Termination "j_coca won by resignation"]

1. f4 d5 2. Nf3 c5 3. e3 Nc6 4. d4 f6 5. c3 cxd4 6. exd4 Bg4 7. Bb5 a6 8. Ba4 e6 9. O-O Bd6 10. h3 Bh5 11. g4 Bf7 12. Qe2 Qd7 13. Nbd2 Nge7 14.
Ne1 Qc7 15. Ng2 O-O 16. Nf3 Ng6 17. Nfh4 Rae8 18. Nxg6 Bxg6 19. Bd2 Qb6 20. Bb3 Bf7 21. Kh1 e5 22. fxe5 fxe5 23. dxe5 Rxe5 24. Qd3 Na5 25. Rxf7 Rxf7 26. Bxd5 Rxd5 27. Qxd5 Kf8 28. b4 Rf2 29. bxa5 Qc6 30. Qxc6 bxc6 31. Be3 Re2 32. a4 h6 33. Rd1 Ke7 34. Rb1 Ke6 35. Re1 Rxe1+ 36.
Nxe1 Kd5 37. Bb6 Kc4 38. Bd4 Bc7 39. Bxg7 Bxa5 40. h4 Kb3 41. Nf3 Ka3 42. Nd2 Kxa4 43. Nc4 Bd8 44. h5 Bg5 45. Kg2 Kb3 46. Na5+ Ka4 47. Nxc6 Kb5 48. Nd4+ Kc4 49. Ne6 Bd2 50.
Bxh6 Bxh6 51. g5 Bxg5 52. Nxg5 a5 53. h6 a4 54. h7 Kxc3 55. h8=Q+ Kb3 56. Qa1 1-0

[Event "Late-Titled-Tuesday-Blitz-January-23-2024"]
[Site "Chess.com"]
[Date "2024.01.23"]
[Round "8"]
[White "SmirnovTimofey2000"]
[Black "TheMagician"]
[Result "0-1"]
[WhiteElo "1958"]
[BlackElo "2141"]
[TimeControl "180+1"]
[EndTime "15:24:10 PST"]
[Termination "TheMagician won on time"]

1. e4 d5 2. exd5 Qxd5 3. Nf3 Bg4 4. Be2 Nc6 5. Nc3 Qa5 6. O-O O-O-O 7. h3 Bxf3 8. Bxf3 Nd4 9. d3 e5 10. Bd2 f5 11. b4 Bxb4 12. Rb1 c6 13. Ne4 Nxf3+ 14.
gxf3 Bxd2 15. Nxd2 Nf6 16. Nc4 Qc7 17. Re1 Rhe8 18.
Qd2 e4 19. fxe4 fxe4 20. Qb4 b6 21. a4 Nd5 22. Qb3 e3 23. Nxe3 Nxe3 24. Rxe3 Rxe3 25. fxe3 Qg3+ 26. Kf1 Rf8+ 27. Ke2 Qf3+ 28. Kd2 Qf2+ 29. Kc3 Qxe3 30. Qb4 Rf5 31. Qg4 g6 32. Rg1 Kb7 33. Qc4 Rc5 0-1

[Event "Late-Titled-Tuesday-Blitz-January-23-2024"]
[Site "Chess.com"]
[Date "2024.01.23"]
[Round "8"]
[White "CaspiIsrael"]
[Black "StellarChess"]
[Result "1-0"]
[WhiteElo "2681"]
[BlackElo "2493"]
[TimeControl "180+1"]
[EndTime "15:24:11 PST"]
[Termination "CaspiIsrael won by resignation"]

1. e4 c6 2. d4 d5 3. e5 c5 4.
dxc5 e6 5. a3 Bxc5 6. b4 Bf8 7.
Bb2 Ne7 8. Bd3 Nbc6 9. Nf3 a6 10. O-O Ng6 11. Re1 Bd7 12. Nbd2 Nf4 13. Bf1 Be7 14. g3 Ng6 15. h4 h6 16. h5 Nf8 17. c4 Qc7 18.
Rc1 Qb8 19. cxd5 exd5 20. Nb3 Be6 21. Nfd4 Nxd4 22. Nxd4 Qd8 23. f4 Qd7 24. Qd3 Bg4 25. f5 Bg5 26. Rc2 Rc8 27. e6 fxe6 28. fxe6 Qd8 29.
Rxc8 Qxc8 30. Nf5 Qc7 31. e7 Ne6 32. Rxe6 Bxf5 33. Qxf5 Qxg3+ 34. Kh1 Qh4+ 35. Bh3 Qc4 36. Qg6+ 1-0

[Event "Late-Titled-Tuesday-Blitz-January-23-2024"]
[Site "Chess.com"]
[Date "2024.01.23"]
[Round "8"]
[White "platy3"]
[Black "azikom"]
[Result "1-0"]
[WhiteElo "2873"]
[BlackElo "2699"]
[TimeControl "180+1"]
[EndTime "15:24:13 PST"]
[Termination "platy3 won on time"]

1. e4 e6 2. d4 d5 3. Nc3 Bb4 4. Ne2 Ne7 5. a3 Ba5 6. b4 Bb6 7. Bb2 O-O 8. g3 a5 9. b5 c5 10. dxc5 Bxc5 11. Na4 Ba7 12. Bg2 Nd7 13. O-O Nb6 14.
Nxb6 Bxb6 15. a4 Qc7 16. Qd3 Bd7 17. exd5 exd5 18. Nf4 Bf5 19. Nxd5 Bxd3 20. Nxc7 Bxf1 21. Nxa8 Bxg2 22. Nxb6 Bh3 23. Ba3 Re8 24. Nc4 Nf5 25. c3 Re4 26. Nxa5 Rxa4 27. Nxb7 h5 28. Nc5 Rc4 29. b6 Nd6 30. Bb4 1-0

[Event "Late-Titled-Tuesday-Blitz-January-23-2024"]
[Site "Chess.com"]
[Date "2024.01.23"]
[Round "8"]
[White "ImportedItalianMaple"]
[Black "ninguno46"]
[Result "0-1"]
[WhiteElo "2430"]
[BlackElo "2580"]
[TimeControl "180+1"]
[EndTime "15:24:14 PST"]
[Termination "ninguno46 won by checkmate"]

1. e4 c5 2. Nf3 Nc6 3. d4 cxd4 4. Nxd4 Qb6 5. Nb3 Nf6 6. Nc3 e6 7.
Be3 Qc7 8. f3 a6 9. a3 h5 10. Qd2 b5 11. Be2 Rb8 12. Rd1 d6 13.
O-O Be7 14. Bg5 b4 15. axb4 Nxb4 16. Kh1 h4 17. h3 Nh5 18. Rfe1 Ng3+ 19. Kg1 Bxg5 20.
Qxg5 Qa7+ 21. Kh2 Qc7 22. Qxg7 Rf8 23. Nd5 Nxd5 24. exd5 e5 25. Nd4 Rxb2 26. Nc6 Rxc2 27. Bd3 Ra2 28. f4 Qd7 29. Kg1 Rxg2+ 30. Kxg2 Qxh3+ 31. Kf3 Nf5+ 32. Ke2 Nxg7 33. Rb1 Qh2+ 34. Ke3 Qxf4+ 35. Ke2 Bg4# 0-1

[Event "Late-Titled-Tuesday-Blitz-January-23-2024"]
[Site "Chess.com"]
[Date "2024.01.23"]
[Round "8"]
[White "jcmesafischer"]
[Black "rhungaski"]
[Result "0-1"]
[WhiteElo "2357"]
[BlackElo "2514"]
[TimeControl "180+1"]
[EndTime "15:24:16 PST"]
[Termination "rhungaski won by resignation"]

1. e4 c5 2. Nf3 Nc6 3. g3 g6 4. Bg2 Bg7 5. O-O Nf6 6. Re1 O-O 7. c3 d6 8. d4 Bg4 9. d5 Ne5 10. Bf4 Nfd7 11. Na3 b5 12. Nc2 a5 13. Ne3 Nxf3+ 14.
Bxf3 Bxf3 15. Qxf3 a4 16. Rad1 Qb6 17. Qe2 a3 18. c4 axb2 19. cxb5 Rxa2 20. Rb1 Rb8 21. Qc4 Ra1 22. Bg5 Rxb1 23. Rxb1 Ne5 24. Qe2 Qxb5 25. Qxb5 Rxb5 26. Bxe7 Nf3+ 27. Kg2 Nd2 28. Rxb2 Rxb2 29. Bxd6 Nxe4 30. Bc7 Rxf2+ 31. Kg1 Bd4 0-1

[Event "Late-Titled-Tuesday-Blitz-January-23-2024"]
[Site "Chess.com"]
[Date "2024.01.23"]
[Round "8"]
[White "NikolaGry"]
[Black "ValeriyGrinev"]
[Result "0-1"]
[WhiteElo "2728"]
[BlackElo "2550"]
[TimeControl "180+1"]
[EndTime "15:24:18 PST"]
[Termination "ValeriyGrinev won on time"]

1. d4 c5 2. c3 e6 3. Nf3 a6 4.
e4 b6 5. d5 d6 6. dxe6 Bxe6 7.
Ng5 Nf6 8. Nxe6 fxe6 9. Qb3 Kf7 10. Bg5 Nbd7 11. Bc4 Qe8 12. a4 d5 13. exd5 exd5+ 14. Be2 c4 15. Qd1 Bd6 16. Be3 Qe5 17. Nd2 Rhe8 18.
Nf3 Qe7 19. O-O Kg8 20. Re1 Qf7 21. Ng5 Qg6 22. Bxc4 Bxh2+ 23. Kxh2 dxc4 24. Qf3 Rad8 25. Rad1 b5 26. Kg1 h6 27. Nh3 Ne5 28. Qb7 Nd3 29. Qxa6 Nxe1 30. Rxe1 Kh7 31. axb5 Ng4 32. Qxg6+ Kxg6 33. Nf4+ Kf5 34. b6 Nxe3 35. fxe3 Rd2 36. b7 Rxb2 37. Nd5 Rxb7 38. Rd1 Kg6 39. Rd4 Rc8 40. Kf2 Rb2+ 41. Kf3 Kh7 42. g4 Rf8+ 43. Ke4 Rbf2 44. Nf4 Re8+ 45. Kf5 Rxe3 46. Rxc4 g6+ 0-1

[Event "Late-Titled-Tuesday-Blitz-January-23-2024"]
[Site "Chess.com"]
[Date "2024.01.23"]
[Round "8"]
[White "eCztery"]
[Black "Kazan28"]
[Result "0-1"]
[WhiteElo "2433"]
[BlackElo "2596"]
[TimeControl "180+1"]
[EndTime "15:24:18 PST"]
[Termination "Kazan28 won by checkmate"]

1. e4 d6 2. d4 Nf6 3. Nc3 e5 4.
Nf3 Nbd7 5. Bc4 Be7 6. O-O c6 7. a3 O-O 8. h3 b5 9. Ba2 a5 10. d5 cxd5 11. Nxd5 Bb7 12. Re1 Nb6 13. Nxe7+ Qxe7 14. Bg5 h6 15. Bh4 Rac8 16. Qd3 Nc4 17. b3 Nxa3 18. c4 b4 19. Rad1 Rfd8 20. Nd2 g5 21. Bg3 Nd7 22. Qf3 Qf6 23. Qg4 Nc5 24. Re3 Rc7 25. h4 Bc8 26. Qh5 Qg6 27. Qe2 Nc2 28. Rd3 Nd4 29. Qe1 Bg4 30. f3 Be6 31. Bb1 f6 32. Nf1 Nxd3 33. Rxd3 a4 34. Qxb4 axb3 35. hxg5 hxg5 36. Bf2 Ne2+ 37. Kh1 Rh7+ 38. Nh2 Rxh2+ 39.
Kxh2 Qh7+ 40. Bh4 Qxh4# 0-1

[Event "Late-Titled-Tuesday-Blitz-January-23-2024"]
[Site "Chess.com"]
[Date "2024.01.23"]
[Round "8"]
[White "carloseduar100"]
[Black "JaackCamel"]
[Result "1-0"]
[WhiteElo "2296"]
[BlackElo "2156"]
[TimeControl "180+1"]
[EndTime "15:24:20 PST"]
[Termination "carloseduar100 won on time"]

1. d4 d5 2. c3 e6 3. Nf3 Nf6 4. Bg5 Bd6 5. Nbd2 h6 6. Bh4 O-O 7. e4 Be7 8. e5 Ne8 9. Bg3 c5 10. Bd3 Nc6 11. O-O f6 12. exf6 Bxf6 13. dxc5 e5 14.
c4 e4 15. cxd5 exd3 16. dxc6 bxc6 17. Nc4 Bf5 18. Nd6 Nxd6 19. cxd6 c5 20. b3 Bxa1 21. Qxa1 Qa5 22. Re1 Rf7 23. h3 Bxh3 24. Ne5 Be6 25. Nxf7 Bxf7 26. Rd1 c4 27. bxc4 Qf5 28. Qd4 Bg6 29.
c5 Kh7 30. c6 Rd8 31. d7 Qh5 32. Rxd3 Bxd3 33. Qxd3+ Kg8 34. c7 1-0

[Event "Late-Titled-Tuesday-Blitz-January-23-2024"]
[Site "Chess.com"]
[Date "2024.01.23"]
[Round "8"]
[White "1mbl4"]
[Black "pr1105"]
[Result "1-0"]
[WhiteElo "2587"]
[BlackElo "2332"]
[TimeControl "180+1"]
[EndTime "15:24:26 PST"]
[Termination "1mbl4 won on time"]

1. e4 e5 2. Nf3 Nc6 3. Bc4 Nf6 4. d3 Be7 5. O-O O-O 6. Bb3 d6 7. c3 Be6 8. Nbd2 h6 9. Re1 a5 10. a4 Nd7 11. d4 exd4 12. cxd4 Bxb3 13. Nxb3 Bf6 14.
Bd2 Re8 15. Bc3 d5 16. e5 Be7 17. Nbd2 Nf8 18. Nf1 Ne6 19. Ne3 Nb4 20. Rf1 Qd7 21. Ne1 Bg5 22. g3 c5 23. dxc5 Bxe3 24. fxe3 Nxc5 25.
Ng2 Rad8 26. Qh5 Ne4 27. Bd4 Nc2 28. Rac1 Nxd4 29. exd4 Rc8 30. Rcd1 Re7 31. Ne3 g6 32. Qxh6 1-0

[Event "Late-Titled-Tuesday-Blitz-January-23-2024"]
[Site "Chess.com"]
[Date "2024.01.23"]
[Round "8"]
[White "olawsson"]
[Black "deloewre"]
[Result "1-0"]
[WhiteElo "2173"]
[BlackElo "1993"]
[TimeControl "180+1"]
[EndTime "15:24:26 PST"]
[Termination "olawsson won on time"]

1. d4 Nf6 2. Nf3 g6 3. c4 Bg7 4. Nc3 O-O 5. e4 d6 6. Be2 e5 7. d5 a5 8. Bg5 h6 9. Bh4 Na6 10.
Nd2 Qe8 11. O-O Nh7 12. a3 h5 13. f3 Bh6 14. b4 axb4 15. axb4 Bd7 16. Rb1 c5 17. dxc6 bxc6 18. Bf2 Rb8 19. b5 Nc5 20. Nb3 Nxb3 21. Rxb3 Qe7 22. Qd3 Rfd8 23. Rd1 Be8 24. b6 Nf6 25. Ra3 Nd7 26. Ra7 Qe6 27. Qxd6 Nxb6 28.
Qxd8 Rxd8 29. Rxd8 Nxc4 30. Raa8 1-0

[Event "Late-Titled-Tuesday-Blitz-January-23-2024"]
[Site "Chess.com"]
[Date "2024.01.23"]
[Round "8"]
[White "otrov-11"]
[Black "Ducke13"]
[Result "1-0"]
[WhiteElo "2488"]
[BlackElo "2312"]
[TimeControl "180+1"]
[EndTime "15:24:27 PST"]
[Termination "otrov-11 won on time"]

1. d4 Nf6 2. c4 g6 3. g3 Bg7 4. Bg2 c5 5. Nc3 cxd4 6. Qxd4 O-O 7. Nf3 Nc6 8. Qd2 d6 9. O-O Be6 10. b3 Ne4 11. Nxe4 Bxa1 12. Qh6 Bg7 13. Qh4 f6 14.
Neg5 fxg5 15. Nxg5 Rf6 16. Qxh7+ Kf8 17. Bb2 Bg8 18. Qh4 e5 19. Rd1 Qe7 20. f4 Re8 21. Nh7+ Bxh7 22. Qxh7 Nd4 23. Bd5 Ne6 24. fxe5 dxe5 25.
Bxe5 Rf7 26. Bxg7+ Rxg7 27. Rf1+ Qf7 28. Qh8+ Ke7 29.
Rxf7+ Rxf7 30. Qe5 Rf6 31. Bxb7 Kf8 32. Qxf6+ Kg8 33.
Bd5 1-0

[Event "Late-Titled-Tuesday-Blitz-January-23-2024"]
[Site "Chess.com"]
[Date "2024.01.23"]
[Round "8"]
[White "dropstoneDP"]
[Black "ArtemDyachuk"]
[Result "1-0"]
[WhiteElo "3046"]
[BlackElo "2647"]
[TimeControl "180+1"]
[EndTime "15:24:28 PST"]
[Termination "dropstoneDP won on time"]

1. e4 c5 2. Nf3 d6 3. d4 cxd4 4. Nxd4 Nf6 5. Nc3 a6 6. Be2 g6 7.
Be3 Bg7 8. Qd2 O-O 9. h4 b5 10.
Bf3 Bb7 11. e5 dxe5 12. Bxb7 exd4 13. Bxd4 Nbd7 14. Bxa8 Qxa8 15. O-O-O Qxg2 16. h5 Rc8 17. h6 Bf8 18. Kb1 Qc6 19. Be3 b4 20. Ne2 Ne5 21. Nd4 Qb7 22. Qe2 Nc4 23. Bc1 Nd6 24.
Rhe1 Rc5 25. Nb3 Rh5 26. Bf4 Nf5 27. Rd8 Rh1 28. Rxh1 Qxh1+ 29. Bc1 e6 30. Qxa6 Qh2 31. Qa8 1-0

[Event "Late-Titled-Tuesday-Blitz-January-23-2024"]
[Site "Chess.com"]
[Date "2024.01.23"]
[Round "8"]
[White "djano"]
[Black "sergiochess83"]
[Result "1/2-1/2"]
[WhiteElo "2719"]
[BlackElo "2883"]
[TimeControl "180+1"]
[EndTime "15:24:30 PST"]
[Termination "Game drawn by repetition"]

1. e4 c5 2. Nc3 e6 3. f4 d5 4. Nf3 dxe4 5. Nxe4 Nd7 6. g3 Ngf6 7. Nxf6+ Nxf6 8. Bg2 Be7 9. O-O O-O 10. b3 Qc7 11.
Bb2 b6 12. Ne5 Bb7 13. Ng4 Bxg2 14. Kxg2 Qd8 15. Nxf6+ Bxf6 16. Bxf6 Qxf6 17. d3 Rad8 18. Qf3 Rd5 19. a4 Rfd8 20. Rae1 h5 21. Re2 g6 22. Rfe1 Kg7 23. Re5 a6 24. R1e2 b5 25.
axb5 axb5 26. Qf2 Qe7 27. Qe3 Qc7 28. Qe4 R8d7 29. Qf3 c4 30. dxc4 bxc4 31. Rxd5 Rxd5 32.
Qc3+ Kf8 33. Qxc4 Qxc4 34. bxc4 Rd4 35. Kf3 Rxc4 36. Ke3 Ke7 37. Kd3 Ra4 38. c3 Kd6 39.
Rb2 Kc6 40. c4 f6 41. Re2 Kd6 42. Rb2 Kc6 43. Re2 Kd6 44. Rb2 Kc6 1/2-1/2

[Event "Late-Titled-Tuesday-Blitz-January-23-2024"]
[Site "Chess.com"]
[Date "2024.01.23"]
[Round "8"]
[White "MusicCityMaster"]
[Black "Sl4werThanYou"]
[Result "1-0"]
[WhiteElo "2480"]
[BlackElo "2624"]
[TimeControl "180+1"]
[EndTime "15:24:30 PST"]
[Termination "MusicCityMaster won by checkmate"]

1. d4 Nf6 2. c4 e6 3. a3 c5 4.
d5 b5 5. Bg5 h6 6. Bh4 exd5 7.
cxd5 d6 8. e4 a6 9. Bd3 g6 10. f4 g5 11. fxg5 Nh7 12. Nf3 hxg5 13. Bg3 Bg7 14. Nc3 g4 15. Nh4 Ng5 16. O-O Bd4+ 17. Kh1 Be5 18. Ne2 Bxg3 19. hxg3 Nd7 20. Qd2 Ne5 21. Bc2 Ng6 22. Kg1 Nxh4 23. gxh4 Rxh4 24. Qf4 Qe7 25. Ng3 Bd7 26. Rae1 O-O-O 27. e5 Rdh8 28. exd6 Qd8 29. Bf5 f6 30. Bxd7+ Qxd7 31. Re7 Qd8 32. Qxf6 Qg8 33. d7+ Kb8 34. Re8+ Ka7 35. Rxg8 Rxg8 36. d8=Q Rxd8 37. Qxd8 Rh7 38. Qxg5 Kb6 39. Qf6+ Ka5 40. b4+ Ka4 41. Qxa6+ Kb3 42. Qxb5 c4 43. Qc5 c3 44. Rc1 Ka4 45. Qxc3 Rf7 46. Qc2+ Kb5 47. Qc6# 1-0

[Event "Late-Titled-Tuesday-Blitz-January-23-2024"]
[Site "Chess.com"]
[Date "2024.01.23"]
[Round "8"]
[White "shimastream"]
[Black "js20000"]
[Result "1/2-1/2"]
[WhiteElo "3010"]
[BlackElo "2903"]
[TimeControl "180+1"]
[EndTime "15:24:34 PST"]
[Termination "Game drawn by repetition"]

1. d4 d5 2. c4 e6 3. Nc3 Nf6 4. Bg5 Be7 5. e3 h6 6. Bh4 O-O 7. Nf3 b6 8. Bxf6 Bxf6 9. cxd5 exd5 10. b4 c6 11. Be2 Be6 12. O-O Qd6 13. Qb3 Nd7 14.
Rfd1 a5 15. b5 c5 16. Rac1 Rac8 17. g3 Rfd8 18. Bf1 cxd4 19. Nxd4 Nc5 20. Qb1 Bg4 21.
Rd2 Ne6 22. Nc6 Bxc3 23. Rxc3 Ng5 24. Bg2 Bf3 25. Rcd3 Bxg2 26. Kxg2 Qe6 27. Qd1 Re8 28. h4 Qh3+ 29. Kg1 Ne4 30. Rc2 Re6 31. Rxd5 Rce8 32. Rd8 Nxg3 33. Rxe8+ Rxe8 34. fxg3 Qxg3+ 35. Rg2 Qxe3+ 36. Kh1 Qh3+ 37. Kg1 Qxh4 38. Rf2 Qg5+ 39. Rg2 Qh4 40. Rf2 Qg5+ 41. Rg2 Qh4 1/2-1/2

[Event "Late-Titled-Tuesday-Blitz-January-23-2024"]
[Site "Chess.com"]
[Date "2024.01.23"]
[Round "8"]
[White "PNEPaul"]
[Black "Maect19"]
[Result "0-1"]
[WhiteElo "1922"]
[BlackElo "2320"]
[TimeControl "180+1"]
[EndTime "15:24:34 PST"]
[Termination "Maect19 won on time"]

1. e4 e6 2. d4 d5 3. e5 c5 4. Qg4 cxd4 5. Nf3 Nc6 6. Bd3 Nge7 7.
O-O h5 8. Qg3 g6 9. a3 Nf5 10.
Bxf5 gxf5 11. c3 h4 12. Qg5 Qxg5 13. Bxg5 dxc3 14. Nxc3 Be7 15. Nb5 Rb8 16. Nd6+ Kf8 17. Nxc8 Rxc8 18. Bf4 Kg7 19. Rfe1 Rc7 20. b4 a6 21. h3 Kg6 22. Rad1 Rhc8 23. Be3 Na7 24. Bxa7 Rc3 25. Re3 Rxe3 26. fxe3 Rc3 27. Rd4 Rxe3 28. Nxh4+ Bxh4 29. Rxh4 Rxa3 30. Bc5 Ra1+ 31. Kh2 Re1 32. Bd6 Kg5 33. Rh7 Kg6 34. Rh8 d4 35. Rh4 d3 36.
Rd4 Re3 37. Bc5 Rxe5 38. Rxd3 Re4 0-1

[Event "Late-Titled-Tuesday-Blitz-January-23-2024"]
[Site "Chess.com"]
[Date "2024.01.23"]
[Round "8"]
[White "DavidGavrilescu18"]
[Black "PabloZarnicki"]
[Result "1-0"]
[WhiteElo "2822"]
[BlackElo "2604"]
[TimeControl "180+1"]
[EndTime "15:24:37 PST"]
[Termination "DavidGavrilescu18 won on time"]

1. e4 e5 2. h3 Nf6 3. Nc3 Nc6 4. Nf3 Bb4 5. Nd5 O-O 6. Nxb4 Nxb4 7. c3 Nc6 8. d3 d5 9. Qc2 a5 10. a4 h6 11. Be2 Re8 12. O-O Be6 13. Re1 Qd7 14. Bf1 Rad8 15. Be3 d4 16. Bd2 dxc3 17. bxc3 b6 18.
Rab1 Qe7 19. Be3 Nd7 20. d4 exd4 21. cxd4 Nb4 22. Qxc7 Rc8 23. Qg3 Ba2 24. Bxh6 Qf6 25.
Bg5 Qg6 26. Rbc1 Rxc1 27. Rxc1 Rxe4 28. Rc8+ Kh7 29. Qc7 f6 30. Qxd7 Be6 31. Qd8 Bxc8 32. Qxc8 fxg5 33. Qd8 Qf6 34. Nxg5+ Kh6 35. Qxf6+ gxf6 36.
Nxe4 Kg7 37. g4 Nd5 38. Kh2 Kf7 39. Bc4 1-0

[Event "Late-Titled-Tuesday-Blitz-January-23-2024"]
[Site "Chess.com"]
[Date "2024.01.23"]
[Round "8"]
[White "Inepton_Fermion"]
[Black "kai_nov"]
[Result "1-0"]
[WhiteElo "2440"]
[BlackElo "2285"]
[TimeControl "180+1"]
[EndTime "15:24:38 PST"]
[Termination "Inepton_Fermion won on time"]

1. e4 c5 2. c3 Nf6 3. e5 Nd5 4. d4 cxd4 5. cxd4 d6 6. Bc4 Nb6 7. Bb5+ Bd7 8. e6 fxe6 9. Bd3 g6 10. Qg4 Bg7 11. h4 e5 12. Qg5 O-O 13. h5 Bf5 14.
hxg6 Bxd3 15. Rxh7 Rf4 16. Bxf4 exf4 17. Nh3 Nc6 18.
Nxf4 e5 19. Rxg7+ Kxg7 20. Ne6+ Kg8 21. Nxd8 Rxd8 22. Qh6 Rd7 23. dxe5 Nxe5 24. Nc3 Nxg6 25. Rd1 Re7+ 26. Kd2 Bf5 27. Kc1 Rg7 28. Rxd6 Nf8 29. g3 Nbd7 30. Qf4 Bg6 31. Nd5 Rf7 32. Qd4 1-0

[Event "Late-Titled-Tuesday-Blitz-January-23-2024"]
[Site "Chess.com"]
[Date "2024.01.23"]
[Round "8"]
[White "Noki102"]
[Black "norwaytoadog"]
[Result "1-0"]
[WhiteElo "2436"]
[BlackElo "2275"]
[TimeControl "180+1"]
[EndTime "15:24:41 PST"]
[Termination "Noki102 won on time"]

1. Nf3 Nf6 2. g3 e6 3. Bg2 d5 4. O-O Be7 5. b3 O-O 6. Bb2 a5 7. d4 c6 8. c4 Nbd7 9. Nc3 b6 10.
Ne5 Bb7 11. Rc1 Nxe5 12. dxe5 Nd7 13. cxd5 exd5 14. e4 d4 15. Qxd4 Nc5 16. Na4 Nxa4 17.
bxa4 Bc5 18. Rxc5 Qxd4 19. Bxd4 bxc5 20. Bxc5 Rfe8 21. Bd6 f6 22. f4 c5 23. Rc1 Bc6 24.
Rxc5 Bxa4 25. Bh3 fxe5 26. fxe5 Ra6 27. Bc8 Rc6 28. Bd7 Rxc5 29. Bxa4 Rc1+ 30. Kf2 Kf7 31. Bxe8+ Kxe8 32. a3 Kd7 33. Kf3 Ke6 34. h4 h5 35.
Kf4 Rc3 36. Kg5 Rxg3+ 37. Kxh5 Kf7 38. e6+ 1-0

[Event "Late-Titled-Tuesday-Blitz-January-23-2024"]
[Site "Chess.com"]
[Date "2024.01.23"]
[Round "8"]
[White "egnfanclub"]
[Black "only_strong_moves"]
[Result "0-1"]
[WhiteElo "2375"]
[BlackElo "2537"]
[TimeControl "180+1"]
[EndTime "15:24:45 PST"]
[Termination "only_strong_moves won on time"]

1. e4 e5 2. Nf3 Nc6 3. Nc3 Nf6 4. d4 exd4 5. Nxd4 Bb4 6. Nxc6 bxc6 7. Bd3 d5 8. e5 Qe7 9. O-O Nd7 10. f4 Nc5 11. Qf3 Nxd3 12. cxd3 h5 13. d4 Bf5 14. a3 Ba5 15. b4 Bb6 16. Be3 g6 17. h3 h4 18.
Rac1 O-O 19. b5 cxb5 20. Nxd5 Qxa3 21. Rc3 Qa2 22. Ne7+ Kg7 23. Nxf5+ gxf5 24. Qh5 Qe6 25. Bf2 Rh8 26. Qg5+ Qg6 27. Rc6 Qxg5 28. fxg5 Rad8 29. Be3 b4 30. Rxf5 b3 31. Rcf6 Rd7 32. Rf1 Rb8 33.
Kh2 b2 34. Bf2 a5 35. Rb1 Bxd4 36. Bxd4 Rxd4 37. Rc6 Ra4 38. Rxc7 Ra1 0-1

[Event "Late-Titled-Tuesday-Blitz-January-23-2024"]
[Site "Chess.com"]
[Date "2024.01.23"]
[Round "8"]
[White "miraitrunks"]
[Black "mbchess97"]
[Result "0-1"]
[WhiteElo "2102"]
[BlackElo "2339"]
[TimeControl "180+1"]
[EndTime "15:24:46 PST"]
[Termination "mbchess97 won on time"]

1. e4 c5 2. Nf3 d6 3. d4 cxd4 4. Nxd4 Nf6 5. Nc3 Nc6 6. Bc4 Qb6 7. Nb3 g6 8. Be3 Qb4 9. Bd3 Ng4 10. Bf4 Bg7 11. O-O Bxc3 12. bxc3 Qxc3 13. h3 Nge5 14. Bh6 Be6 15. f4 Nxd3 16. cxd3 Bxb3 17. axb3 O-O-O 18. Ra4 Kb8 19. Rc4 Qa5 20. Bg7 Rhg8 21. Bc3 Qb6+ 22.
d4 d5 23. exd5 Rxd5 24. Qf3 Rgd8 25. Rc1 Qxb3 26. Ba1 Qxf3 27. gxf3 e6 28. Kf2 Nxd4 29. Rc7 Nb3 0-1

[Event "Late-Titled-Tuesday-Blitz-January-23-2024"]
[Site "Chess.com"]
[Date "2024.01.23"]
[Round "8"]
[White "maurovargas01"]
[Black "NtcPou"]
[Result "0-1"]
[WhiteElo "1830"]
[BlackElo "2011"]
[TimeControl "180+1"]
[EndTime "15:24:49 PST"]
[Termination "NtcPou won on time"]

1. e4 c6 2. Nc3 d5 3. d3 e5 4. g3 Nf6 5. Bg2 Be6 6. f4 exf4 7. Bxf4 dxe4 8. Nxe4 Nd5 9. Bg5 Qa5+ 10. Bd2 Bb4 11. c3 Be7 12. c4 Nb4 13. Qb3 N8a6 14. a3 O-O-O 15. Bf1 Rhe8 16. Nf3 Bg4 17. Be2 Bxf3 18.
Bxf3 Rxd3 19. Qxd3 Nxd3+ 20. Ke2 Qd8 21. Rad1 Nxb2 22.
Rb1 Nxc4 23. Bf4 f5 24. Nc3 g5 25. Rhd1 Qa5 26. Bd2 Nxd2 27. Kxd2 Rd8+ 28. Kc2 Rxd1 29.
Rxd1 Qxa3 30. g4 f4 31. Be4 Nc5 32. Bf5+ Kc7 33. Rd5 Bd6 34. Rd4 Qb3+ 35. Kd2 Be5 0-1

[Event "Late-Titled-Tuesday-Blitz-January-23-2024"]
[Site "Chess.com"]
[Date "2024.01.23"]
[Round "8"]
[White "TigrVShlyape"]
[Black "GoltsevDmitry2000"]
[Result "1-0"]
[WhiteElo "2945"]
[BlackElo "2819"]
[TimeControl "180+1"]
[EndTime "15:24:52 PST"]
[Termination "TigrVShlyape won by checkmate"]

1. d4 e6 2. Bf4 Nf6 3. e3 Be7 4.
h3 b6 5. Nf3 Bb7 6. a4 O-O 7.
Nbd2 c5 8. Bd3 d5 9. c3 Nc6 10. O-O Nd7 11. Qe2 f5 12. Bh2 c4 13. Bc2 a6 14. b3 b5 15. bxc4 bxc4 16. Rab1 Na5 17.
g4 Bc6 18. Ne5 Nxe5 19. Bxe5 Qd7 20. Kh2 Bxa4 21. Bxa4 Qxa4 22. Rg1 g6 23. gxf5 Rxf5 24. f4 Qc2 25. Qg2 Qxc3 26. e4 Rh5 27. exd5 Rf8 28. Ne4 Qd3 29. Rb6 exd5 30. Rxg6+ Kf7 31. Rg7+ Ke8 32.
Qg4 Qc2+ 33. Rg2 Qxe4 34. Qc8+ Bd8 35. Qd7# 1-0

[Event "Late-Titled-Tuesday-Blitz-January-23-2024"]
[Site "Chess.com"]
[Date "2024.01.23"]
[Round "8"]
[White "TanitoluwaAps116"]
[Black "TheoSlade"]
[Result "1-0"]
[WhiteElo "2705"]
[BlackElo "2471"]
[TimeControl "180+1"]
[EndTime "15:24:52 PST"]
[Termination "TanitoluwaAps116 won on time"]

1. e4 e5 2. Nf3 Nc6 3. Bc4 Bc5 4. d3 Nf6 5. O-O O-O 6. h3 h6 7. Re1 d6 8. c3 Bb6 9. a4 a5 10. Nbd2 Ne7 11. Nf1 Ng6 12. Ng3 c6 13. Bb3 Re8 14. Be3 Bxe3 15. fxe3 d5 16. exd5 cxd5 17. Kh2 Qd6 18. e4 Be6 19. Qc2 Rad8 20. Rad1 Nf4 21. d4 Nxe4 22. dxe5 Qb6 23. Nd4 Nxg3 24. Kxg3 Ng6 25.
Qf2 Qc7 26. Qe3 Bc8 27. Nf3 Be6 28. Bc2 Ne7 29. Nd4 Ng6 30. Kh2 Bc8 31. Bxg6 fxg6 32. Nb5 Qf7 33. Qg3 Re7 34. Rf1 Qe8 35. Nd6 Qc6 36.
Qxg6 Rxe5 37. Rf7 1-0